 Dungeon Crawl Stone Soup version 0.31-a0-876-gfe8ebadbca (webtiles) character file.

Game seed: 18049630691569101914

140931 porpoise the Jinx (level 16, -9/104 (120) HPs)
             Began as a Demonspawn Enchanter on Oct 14, 2023.
             Was the Champion of Dithmenos.
             Mangled by a pharaoh ant (12 damage)
             ... on level 4 of the Spider Nest.
             The game lasted 02:24:13 (34865 turns).

porpoise the Jinx (Demonspawn Enchanter)           Turns: 34865, Time: 02:24:21

HP:   -9/104 (120)  AC: 25    Str:  8 (9)  XL:     16   Next: 77%
MP:   26/26         EV:  8    Int: 21      God:    Dithmenos [******]
Gold: 1780          SH:  0    Dex: 23      Spells: 12/29 levels left

rFire   + . .        a - +8 rapier "Dewepoke" {venom, rF+}
rCold   + + .        (no shield)
rNeg    . . .        T - +2 ring mail {Will+}
rPois   +            H - +2 hat
rElec   .            V - +2 cloak
rCorr   .            j - +1 pair of gloves
SInv    .            o - +0 pair of boots
Will    ++...        G - amulet of reflection
Stlth   ++++++++++   n - ring of poison resistance
HPRegen 0.37/turn    u - ring "Jysef" {rC++ Dex+6}
MPRegen 0.20/turn

%: reflection
@: held, wreathed by umbra, studying Staves, heavily drained
A: icemail 2, spiny 2, sturdy frame 1, condensation shield, demonic touch 2,
inability to read after injury 1, devolution 1
a: Renounce Religion, Shadow Step, Shadow Form


You were on level 4 of the Spider Nest.
You worshipped Dithmenos.
Dithmenos was exalted by your worship.
You visited 7 branches of the dungeon, and saw 29 of its levels.
You also visited: Sewer, Gauntlet and Ice Cave.

You collected 2850 gold pieces.
You spent 1070 gold pieces at shops.

Inventory:

Hand Weapons
 a - the +8 rapier "Dewepoke" (weapon) {venom, rF+}
   (You found it on level 4 of the Dungeon)

   rF+:       It protects you from fire.
Missiles
 i - 3 atropa-tipped darts
 m - 4 boomerangs (quivered)
 x - 7 curare-tipped darts
 B - 5 poisoned darts
Armour
 j - a +1 pair of gloves (worn)
 o - a +0 pair of boots (worn)
 H - a +2 hat (worn)
 T - a +2 ring mail of willpower (worn)
 V - a +2 cloak (worn)
Jewellery
 b - a ring of resist corrosion
 h - a +4 ring of protection
 n - a ring of poison resistance (left hand)
 u - the ring "Jysef" (right hand) {rC++ Dex+6}
   (You found it in a Gauntlet)

   [ring of dexterity]

   Dex+6:     It affects your dexterity (+6).
   rC++:      It greatly protects you from cold.
 w - a ring of positive energy
 E - a ring of see invisible
 G - an amulet of reflection (around neck)
 S - a +4 ring of protection
Wands
 q - a wand of light (9)
 t - a wand of flame (60)
 y - a wand of digging (1)
 C - a wand of roots (4)
 I - a wand of paralysis (25)
 M - a wand of polymorph (15)
 X - a wand of mindburst (4)
Scrolls
 d - 9 scrolls of teleportation
 e - 2 scrolls of poison
 f - 4 scrolls of fog
 g - 4 scrolls of fear
 l - 2 scrolls of blinking
 s - a scroll of brand weapon
 v - 9 scrolls of identify
 K - a scroll of torment
 L - a scroll of vulnerability
 N - a scroll of noise
 P - a scroll of immolation
 R - 4 scrolls of revelation
Potions
 c - 3 potions of invisibility
 k - 9 potions of attraction
 p - 6 potions of curing
 r - 5 potions of might
 z - 5 potions of heal wounds
 A - 7 potions of enlightenment
 D - 3 potions of magic
 F - 3 potions of berserk rage
 O - 6 potions of lignification
 Q - 6 potions of haste
 U - 3 potions of resistance


   Skills:
 - Level 9.0 Fighting
 - Level 14.0 Short Blades
 - Level 7.0 Armour
 - Level 7.0 Dodging
 + Level 12.4 Stealth
 - Level 7.0 Spellcasting
 + Level 4.7 Conjurations
 - Level 14.0 Hexes
 - Level 7.0 Ice Magic
 - Level 10.3 Invocations
 - Level 7.0 Evocations


You had 12 spell levels left.
You knew the following spells:

 Your Spells              Type           Power      Damage    Failure   Level
a - Confusing Touch       Hex            60%        N/A       1%          3
e - Ensorcelled Hibernat  Hex/Ice        100%       N/A       1%          2
g - Metabolic Englaciati  Hex/Ice        25%        N/A       5%          5
t - Tukima's Dance        Hex            60%        N/A       1%          3
z - Fulminant Prism       Conj/Hex       23%        3d12      3%          4

Your spell library contained the following spells:

 Spells                   Type           Power      Damage    Failure   Level
 Freeze                   Ice            100%       1d10      1%          1
 Magic Dart               Conj           100%       1d8       1%          1
 Jinxbite                 Hex            100%       N/A       1%          2
 Dazzling Flash           Conj/Hex       92%        N/A       1%          3
 Frozen Ramparts          Ice            72%        1d11      2%          3
 Inner Flame              Hex/Fire       36%        N/A       2%          3
 Ozocubu's Armour         Ice            36%        N/A       2%          3
 Summon Guardian Golem    Hex/Summ       36%        N/A       2%          3
 Searing Ray              Conj           54%        2d6       3%          2
 Hailstorm                Conj/Ice       31%        3d8       3%          3
 Kiss of Death            Conj/Necr      68%        2d10      5%          1
 Shock                    Conj/Air       68%        1d7       5%          1
 Apportation              Tloc           14%        N/A       14%         1
 Necrotise                Necr           28%        1d5       14%         1
 Summon Small Mammal      Summ           28%        N/A       14%         1
 Call Imp                 Summ           14%        N/A       22%         2
 Cigotuvi's Dreadful Rot  Necr/Pois/Air  14%        N/A       22%         2
 Wereblood                Tmut           7%         N/A       22%         2
 Mephitic Cloud           Conj/Pois/Air  13%        N/A       22%         3
 Silence                  Hex/Air        18%        N/A       22%         5
 Yara's Violent Unravell  Hex/Tmut       18%        3d9       22%         5
 Summon Ice Beast         Ice/Summ       22%        N/A       32%         4
 Enfeeble                 Hex            30%        N/A       36%         7
 Call Canine Familiar     Summ           7%         N/A       38%         3
 Ignite Poison            Fire/Tmut/Pois 7%         N/A       38%         3
 Swiftness                Air            7%         N/A       38%         3
 Volatile Blastmotes      Fire/Tloc      14%        2d11      38%         3
 Brom's Barrelling Bould  Conj/Erth      17%        2d4       47%         4
 Flame Wave               Conj/Fire      17%        2d7       47%         4
 Iskenderun's Mystic Bla  Conj/Tloc      17%        2d5       47%         4
 Sticky Flame             Conj/Fire      17%        2d4       47%         4
 Iskenderun's Battlesphe  Conj           27%        2d8       50%         5
 Freezing Cloud           Conj/Ice/Air   11%        6-21      63%         5
 Airstrike                Air            3%         2d(1-17)  80%         4
 Animate Dead             Necr           7%         N/A       80%         4
 Dispel Undead            Necr           7%         3d8       80%         4
 Fireball                 Conj/Fire      8%         3d6       83%         5
 Irradiate                Conj/Tmut      8%         3d14      83%         5
 Agony                    Necr           7%         N/A       98%         5
 Alistair's Intoxication  Tmut/Pois      4%         N/A       98%         5
 Borgnjor's Vile Clutch   Necr/Erth      3%         N/A       98%         5
 Simulacrum               Ice/Necr       11%        N/A       99%         6
 Conjure Ball Lightning   Conj/Air       8%         3x3d6     100%        6
 Death Channel            Necr           3%         N/A       100%        6
 Haunt                    Necr/Summ      3%         N/A       100%        7
 Orb of Destruction       Conj           13%        9d7       100%        7
 Infestation              Necr           3%         N/A       100%        8


Dungeon Overview and Level Annotations

Branches:
Dungeon (15/15)            Temple (1/1) D:4            Lair (5/5) D:9
 Shoals (1/4) Lair:2       Spider (4/4) Lair:2        Slime (0/5) Lair:4
    Orc (2/2) D:10            Elf (1/3) Orc:2        Vaults (0/5) D:14
 Depths (0/4) D:15          Sewer (visited)           IceCv (visited)
Gauntlet (visited)

Altars:
Ashenzari
Cheibriados
Dithmenos
Fedhas
Gozag
Hepliaklqana
Kikubaaqudgha
Makhleb
Nemelex Xobeh
Okawaru
Qazlal
Ru
Sif Muna
Trog
Uskayaw
Vehumet
Wu Jian
Xom
Yredelemnul

Shops:
D:15 *   Orc:2 *?*(   Elf:1 =?

Annotations:
D:1 1 transporter
D:4 2 transporters, osoart's ghost, amateur DrSh
D:14 Kirke
Lair:1 1 runed translucent door
Elf:1 2 runed translucent doors, Hucouhao's ghost, adept DsCj


Innate Abilities, Weirdness & Mutations

A meltable icy envelope protects you from harm. (AC +8)
You are mostly covered in sharp spines.
Your movements are slightly less encumbered by armour. (ER -2)
A meltable shield of frost defends you. (SH +4)
Your touch may inflict irresistible damage on your foes.
You occasionally lose the ability to read scrolls when taking damage.
You have hidden genetic defects.


Message History

There is a stone staircase leading up here.
There are monsters nearby!
A jumping spider comes into view.
Found 7 stones and a glowing robe.
The pharaoh ant gives a chilling moan.
The tarantella's many legs skitter faintly.
A redback comes into view.
A redback and an orb spider come into view.
The pharaoh ant bites you!!
You feel drained.
The jumping spider's many legs skitter faintly.
You hit the pharaoh ant. Your touch misses the pharaoh ant.
The pharaoh ant is lightly damaged.
The pharaoh ant bites you!!
You emit a cloud of dark smoke.
You feel drained.
You are too injured to fight recklessly!
Unknown command.
The tarantella attacks as it pursues you!
You block the tarantella's attack. The jumping spider pounces on you!
You are caught in a web!
The jumping spider barely misses you. The tarantella barely misses you.
The redback is struck by your spines.
The redback bites you but does no damage.
The jumping spider is struck by your spines.
The jumping spider pounces on you.
* * * LOW HITPOINT WARNING * * *
You emit a cloud of dark smoke.
The jumping spider bites you but does no damage.
There is a web, spattered with blood here.
As you read the scroll of fear, it crumbles to dust.
You assume a fearsome visage.
The jumping spider looks frightened!
The redback looks frightened!
The pharaoh ant is unaffected.
The tarantella looks frightened!
The redback looks frightened!
The orb spider resists with some effort.
The pharaoh ant waves its antennae.
The pharaoh ant bites you!!
* * * LOW HITPOINT WARNING * * *
You feel drained.
* * * LOW HITPOINT WARNING * * *
The jumping spider leaps!
The pharaoh ant is struck by your spines.
The pharaoh ant bites you!
You die...

.. ... .... [^.
.... ##.... ....#
###......
^....#####..#.#...
#........^....^.
#^...s.§.^....
#...§§B.s.^...
##<.§@§s^##^..
##.§§§.s..(.
##§§§......#
.^.........
##......^..#
#^..^......
........s..
^~≈.#.....


You could see an orb spider, a pharaoh ant, a jumping spider (fleeing), a
tarantella (fleeing) and 2 redbacks.

Vanquished Creatures
  3 emperor scorpions
  2 ghost moths
  A broodmother (Spider:3)
  A deep elf demonologist (Elf:1)
  A minotaur (Gauntlet)
  A spark wasp (Spider:3)
  4 fire dragons
  2 entropy weavers
  A great orb of eyes (D:15)
  5 hydras
  A catoblepas (Lair:3)
  2 radroaches (Spider:2)
  2 rakshasas (D:15)
  Erolcha (D:11)
  3 boulder beetles
  3 centaur warriors
  7 ogre magi
  A jorogumo (Spider:3)
  A tengu warrior (D:13)
  27 two-headed ogres
  A death yak (Lair:1)
  4 demonic crawlers
  Sonja (Orc:1)
  2 deep elf knights (Elf:1)
  An iron troll (D:14)
  A shadow wraith (D:14)
  4 pharaoh ants
  3 skysharks
  3 skeletal warriors (D:14)
  6 deep elf archers (Elf:1)
  A sea snake (Shoals:1)
  A swamp dragon (Lair:5)
  5 orb spiders
  4 deep elf zephyrmancers (Elf:1)
  2 large abominations (Gauntlet)
  A steelbarb worm (Spider:2)
  2 lindwurms
  A necromancer (D:14)
  7 deep elf pyromancers
  12 ugly things
  2 cyclopes
  5 wolf spiders
  2 orc sorcerers
  4 manticores
  2 moths of wrath
  Maurice (D:11)
  6 elephants (Lair:3)
  5 black mambas
  A merfolk siren (Shoals:1)
  2 gargoyles (D:14)
  10 cane toads
  8 torpor snails
  7 rime drakes
  An unseen horror (D:13)
  2 efreet (D:13)
  8 komodo dragons
  A tengu conjurer (D:13)
  3 polar bears
  A troll (shapeshifter) (D:14)
  7 meliai
  4 tyrant leeches (Lair:5)
  A queen bee (D:13)
  8 hornets
  A merfolk (shapeshifter) (D:15)
  7 tarantellas
  10 trolls
  5 blink frogs (Lair:2)
  13 dream sheep
  3 flying skulls (Gauntlet)
  Sigmund (D:6)
  12 slime creatures
  A water elemental (Elf:1)
  4 culicivoras
  4 shadows
  21 jumping spiders
  57 yaks
  A spriggan (shapeshifter) (D:14)
  5 wraiths
  2 fire elementals (Elf:1)
  5 wyverns
  Eustachio (D:6)
  4 hogs (D:14)
  An air elemental (Elf:1)
  7 basilisks
  A death yak simulacrum (IceCv)
  3 vampires
  18 redbacks
  2 vampire mosquitoes (D:14)
  2 wargs
  5 acid dragons
  16 water moccasins
  2 swamp drakes (Lair:5)
  11 orc warriors
  2 black bears
  An ice beast (D:8)
  15 wolves
  35 ogres
  8 centaurs
  A phantom (D:5)
  6 kobold brigands
  6 bullfrogs
  2 earth elementals (Elf:1)
  3 gnoll sergeants
  A cane toad simulacrum (IceCv)
  4 small abominations (Gauntlet)
  2 scorpions
  18 wights
  An elephant simulacrum (IceCv)
  26 killer bees
  An electric eel (D:10)
  3 howler monkeys (D:13)
  4 gnoll boudas
  A hound (D:4)
  13 orc priests
  2 jellies
  Crazy Yiuf (D:6)
  6 iguanas
  Jessica (D:3)
  Ijyb (D:3)
  2 sleepcaps
  Natasha (thrice) (D:3)
  19 orc wizards
  2 wolf simulacra (IceCv)
  Robin (D:3)
  29 gnolls
  6 adders
  A river rat (Sewer)
  A shadow imp (D:6)
  2 white imps (D:5)
  An ufetubus (D:6)
  5 worms
  2 dart slugs
  37 orcs
  11 ball pythons
  4 endoplasms
  4 giant cockroaches
  13 goblins
  7 hobgoblins
  14 quokkas
  4 bats
  26 kobolds
  4 rats
809 creatures vanquished.

Vanquished Creatures (collateral kills)
  An orc (D:9)
1 creature vanquished.

Vanquished Creatures (others)
  A deep elf knight (Elf:1)
  3 dancing weapons
4 creatures vanquished.

Grand Total: 814 creatures vanquished

Notes
Turn   | Place    | Note
-------+----------+-------------------------------------------
     0 | D:1      | porpoise the Demonspawn Enchanter began the quest for the
                  | Orb.
     0 | D:1      | Reached XP level 1. HP: 13/13 MP: 3/3
   138 | D:1      | Reached skill level 1 in Short Blades
   274 | D:1      | Gained mutation: Your touch may inflict minor irresistible
                  | damage on your foes. [demonic ancestry]
   274 | D:1      | Reached XP level 2. HP: 19/19 MP: 5/5
   277 | D:1      | Learned a level 2 spell: Ensorcelled Hibernation
   775 | D:2      | Reached XP level 3. HP: 17/24 MP: 6/6
   806 | D:2      | Learned a level 3 spell: Confusing Touch
  1496 | D:2      | Found a faded altar of an unknown god.
  1725 | D:3      | Reached skill level 5 in Short Blades
  1725 | D:3      | Gained mutation: You are partially covered in sharp spines.
                  | [demonic ancestry]
  1725 | D:3      | Reached XP level 4. HP: 35/35 MP: 7/10
  1730 | D:3      | Learned a level 3 spell: Tukima's Dance
  1821 | D:3      | Noticed Robin
  1831 | D:3      | Killed Robin
  1869 | D:3      | Noticed Natasha
  1875 | D:3      | Killed Natasha
  1876 | D:3      | Reached XP level 5. HP: 34/41 MP: 11/11
  1948 | D:3      | Noticed Ijyb
  1953 | D:3      | Killed Ijyb
  2244 | D:3      | Noticed Jessica
  2252 | D:3      | Killed Jessica
  2430 | D:3      | Noticed Natasha
  2439 | D:3      | Killed Natasha
  2533 | D:3      | Noticed Natasha
  2558 | D:3      | Killed Natasha
  2559 | D:3      | Reached XP level 6. HP: 36/47 MP: 12/12
  2620 | D:4      | Found a staircase to the Ecumenical Temple.
  2686 | D:4      | Identified the +8 rapier "Dewepoke" {venom, rF+}
  2713 | D:4      | Found a glowing drain.
  2762 | Sewer    | Entered a sewer
  2828 | Sewer    | Gained mutation: A meltable shield of frost defends you.
                  | (SH +4) [demonic ancestry]
  2828 | Sewer    | Reached XP level 7. HP: 20/52 MP: 12/14
  3123 | D:4      | Found a transporter.
  3143 | D:4      | Noticed osoart's ghost (amateur DrSh)
  3153 | D:4      | Found a transporter.
  3238 | Temple   | Entered the Ecumenical Temple
  3246 | Temple   | Became a worshipper of Dithmenos the Shadowed
  3578 | D:5      | Entered Level 5 of the Dungeon
  3727 | D:5      | Reached skill level 5 in Spellcasting
  3800 | D:5      | Reached skill level 1 in Invocations
  4181 | D:5      | Found a basalt altar of Yredelemnul.
  4181 | D:5      | Found a shimmering blue altar of Sif Muna.
  4315 | D:6      | Noticed Eustachio
  4320 | D:6      | Killed Eustachio
  4321 | D:6      | Gained mutation: A meltable icy envelope protects you from
                  | harm. (AC +8) [demonic ancestry]
  4321 | D:6      | Reached XP level 8. HP: 56/60 MP: 12/15
  4417 | D:6      | Noticed Sigmund
  4425 | D:6      | Killed Sigmund
  4426 | D:6      | Reached skill level 5 in Stealth
  4890 | D:6      | Found a broken altar of Ashenzari.
  4908 | D:6      | Reached * piety under Dithmenos
  4909 | D:6      | Reached skill level 5 in Fighting
  4988 | D:6      | Found a runed translucent door.
  4989 | D:6      | Noticed Crazy Yiuf
  4996 | D:6      | Killed Crazy Yiuf
  5174 | D:7      | Reached skill level 5 in Invocations
  5193 | D:7      | Noticed a hornet
  5200 | D:7      | Killed a hornet
  5201 | D:7      | Reached XP level 9. HP: 68/68 MP: 13/16
  5834 | D:8      | Reached ** piety under Dithmenos
  6029 | D:8      | Gained mutation: Your movements are slightly less
                  | encumbered by armour. (ER -2) [demonic ancestry]
  6029 | D:8      | Reached XP level 10. HP: 38/74 MP: 17/17
  6134 | D:8      | Reached skill level 1 in Evocations
  6701 | D:9      | Found a staircase to the Lair.
  6779 | D:9      | Reached skill level 5 in Dodging
  7129 | D:9      | Reached *** piety under Dithmenos
  7537 | D:10     | Entered Level 10 of the Dungeon
  7608 | D:10     | Noticed a two-headed ogre
  7613 | D:10     | Killed a two-headed ogre
  7747 | D:10     | Gained mutation: You are mostly covered in sharp spines.
                  | [demonic ancestry]
  7747 | D:10     | Reached XP level 11. HP: 65/79 MP: 18/18
  7892 | D:10     | Found a staircase to the Orcish Mines.
  8033 | D:10     | Reached skill level 5 in Evocations
  8200 | D:10     | Reached **** piety under Dithmenos
  8231 | D:10     | Reached skill level 5 in Ice Magic
  8435 | Lair:1   | Entered Level 1 of the Lair of Beasts
  8497 | Lair:1   | Reached skill level 1 in Armour
  8618 | Lair:1   | Noticed a death yak
  8653 | Lair:1   | Killed a death yak
  9104 | Lair:1   | Noticed a lindwurm
  9104 | Lair:1   | Noticed a catoblepas
  9104 | Lair:1   | Found the brooch of Shielding {Spirit SH+8}
  9125 | Lair:1   | Found a runed translucent door.
  9614 | Lair:1   | Reached skill level 10 in Short Blades
 10004 | Lair:2   | Reached XP level 12. HP: 84/86 MP: 19/19
 10041 | Lair:2   | Found a hole to the Spider Nest.
 10048 | Lair:2   | Reached skill level 10 in Invocations
 10286 | Lair:2   | Reached skill level 5 in Armour
 10436 | Lair:2   | Found a staircase to the Shoals.
 10438 | Lair:2   | Noticed a four-headed hydra
 10449 | Lair:2   | Reached ***** piety under Dithmenos
 10717 | Lair:2   | Killed a four-headed hydra
 11367 | Lair:3   | Noticed a catoblepas
 11401 | Lair:3   | Killed a catoblepas
 12401 | Lair:4   | Gained mutation: Your touch may inflict irresistible damage
                  | on your foes. [demonic ancestry]
 12401 | Lair:4   | Reached XP level 13. HP: 81/96 MP: 20/20
 12859 | Lair:4   | Found a staircase to the Slime Pits.
 13484 | Lair:5   | Entered Level 5 of the Lair of Beasts
 13488 | Lair:5   | Reached skill level 10 in Hexes
 13594 | Lair:5   | Found a frozen archway.
 13612 | IceCv    | Entered an ice cave
 14724 | Lair:5   | Reached skill level 10 in Stealth
 15082 | Lair:5   | Found a runed translucent door.
 15255 | Lair:5   | Noticed a fire dragon
 15442 | Lair:5   | Killed a fire dragon
 15442 | Lair:5   | Reached ****** piety under Dithmenos
 15583 | Lair:5   | Noticed a fire dragon
 15624 | Lair:5   | Killed a fire dragon
 16193 | D:11     | Found a gate leading to a gauntlet.
 16207 | Gauntlet | Entered a Gauntlet
 16207 | Gauntlet | Found a transporter.
 16207 | Gauntlet | Found a runed translucent door.
 16208 | Gauntlet | Found a runed translucent door.
 16212 | Gauntlet | Found a transporter.
 16214 | Gauntlet | Found a transporter.
 16225 | Gauntlet | Found a transporter.
 16228 | Gauntlet | Found a transporter.
 16233 | Gauntlet | Noticed a balrug
 16241 | Gauntlet | Found a transporter.
 16256 | Gauntlet | Found a transporter.
 16268 | Gauntlet | Found a transporter.
 16275 | Gauntlet | Found a transporter.
 16290 | Gauntlet | Found a transporter.
 16290 | Gauntlet | Found a transporter.
 16318 | Gauntlet | Found a transporter.
 16319 | Gauntlet | Found a transporter.
 16379 | Gauntlet | Found a transporter.
 16737 | Gauntlet | Reached XP level 14. HP: 108/108 MP: 18/22
 16739 | Gauntlet | Identified the +7 barding "Pesyibey" {Str+6}
 16886 | Gauntlet | Identified the ring "Jysef" {rC++ Dex+6}
 17193 | D:11     | Noticed Maurice
 17198 | D:11     | Killed Maurice
 17537 | D:11     | Noticed Erolcha
 17544 | D:11     | Killed Erolcha
 17831 | D:11     | Found a hazy altar of Hepliaklqana.
 20052 | D:13     | You fall into a shaft and drop 2 floors!
 20052 | D:15     | Entered Level 15 of the Dungeon
 20414 | D:14     | Found a shimmering blue altar of Sif Muna.
 20417 | D:14     | Noticed Kirke
 21623 | D:14     | Found a gate to the Vaults.
 22818 | D:15     | Gained mutation: A meltable icy envelope protects you from
                  | harm. (AC +8) [demonic ancestry]
 22818 | D:15     | Reached XP level 15. HP: 105/113 MP: 21/25
 22986 | D:15     | Found Nycs's Gadget Gallery.
 22993 | D:15     | Bought a wand of mindburst (4) for 95 gold pieces
 23668 | D:15     | Found a staircase to the Depths.
 24527 | Orc:1    | Entered Level 1 of the Orcish Mines
 24829 | Orc:2    | Entered Level 2 of the Orcish Mines
 25063 | Orc:2    | Found a staircase to the Elven Halls.
 25208 | Orc:2    | Found Oggos's Weapon Shoppe.
 25208 | Orc:2    | Found Ucemuts's Magic Scroll Shop.
 25208 | Orc:2    | Found Uset Vos's General Store.
 25208 | Orc:2    | Found Axtotop's Assorted Antiques.
 25236 | Orc:1    | Learned a level 5 spell: Metabolic Englaciation
 25937 | Orc:2    | Bought a runed ring mail for 217 gold pieces
 25938 | Orc:2    | Bought 2 potions of might for 112 gold pieces
 25940 | Orc:2    | Bought a scroll of fog for 44 gold pieces
 25940 | Orc:2    | Bought a scroll of blinking for 82 gold pieces
 25940 | Orc:2    | Bought a scroll of fog for 44 gold pieces
 26132 | Orc:1    | Noticed Sonja
 26157 | Orc:1    | Killed Sonja
 26846 | Shoals:1 | Entered Level 1 of the Shoals
 27109 | Elf:1    | Entered Level 1 of the Elven Halls
 27167 | Elf:1    | Found Ziravy's Jewellery Boutique.
 27538 | Elf:1    | Found Dianunez's Magic Scroll Shop.
 27540 | Elf:1    | Bought a ring of poison resistance for 380 gold pieces
 27648 | Elf:1    | Bought a scroll of teleportation for 48 gold pieces
 27648 | Elf:1    | Bought a scroll of teleportation for 48 gold pieces
 27935 | Elf:1    | Paralysed by an air elemental for 1 turns
 27998 | Elf:1    | Reached XP level 16. HP: 117/118 MP: 26/26
 28157 | Elf:1    | Found a large runed translucent door.
 28158 | Elf:1    | Found a large runed translucent door.
 28159 | Elf:1    | Noticed Hucouhao's ghost (adept DsCj)
 29500 | Spider:1 | Entered Level 1 of the Spider Nest
 31026 | Spider:1 | You fall into a shaft and drop 1 floor!
 31997 | Spider:2 | Learned a level 4 spell: Fulminant Prism
 32065 | Spider:2 | Reached skill level 1 in Conjurations
 32093 | Spider:2 | Gained mutation: You have hidden genetic defects.
                  | [mutagenic glow]
 34550 | Spider:3 | Gained mutation: You occasionally lose the ability to read
                  | scrolls when taking damage. [hidden defects]
 34858 | Spider:4 | Entered Level 4 of the Spider Nest
 34865 | Spider:4 | HP: 3/104 [pharaoh ant (6)]
 34865 | Spider:4 | Mangled by a pharaoh ant

Illustrated notes

Levels and vault maps discovered:
D:1:      spicycebolla_arrival_risky_transporter, layout_loops_cross
D:2:      layout_basic, shapermc_ecumenical_altar_starsandcircs,
          grunt_decor_clamped
D:3:      layout_rooms, corner_web_ring, serial_park_tiny_pond,
          dreamdust_princess_corridor, serial_bayou_lagoon_a, minmay_unequal,
          uniq_ijyb, uniq_robin, uniq_jessica, uniq_natasha
D:4:      layout_basic, minmay_temple_entry_sparse_star, gup_sewer_entry_pipe,
          gammafunk_ghost_arena
D:5:      layout_cave_pools, gammafunk_temple_overflow_elements,
          grunt_ministairs_13, serial_bayou_lake_a
D:6:      kennysheep_big_flooded_room, layout_loops_ring,
          cheibrodos_ashenzari_chains, uniq_crazy_yiuf_cottage, uniq_sigmund,
          uniq_eustachio
D:7:      layout_cave_pools
D:8:      layout_cave_pools
D:9:      layout_small_grid, dpeg_oklobed_lair, chequers_serial_rivers_small_b,
          grunt_ministairs_3
D:10:     layout_basic, david_orc_3, corexii_hall_statues_l,
          amcnicky_mini_pool_medium
D:11:     layout_basic, gauntlet_entry_generic, serial_curves, eino_curves_02,
          eino_curves_03, minivault_26, st_stairs_13,
          worldfamousw_hep_ancestral_shrine, uniq_maurice, uniq_erolcha
D:12:     layout_cave_pods
D:13:     layout_roguey, nicolae_looking_at_the_future
D:14:     layout_roguey, david_vaults_4, nicolae_sif_muna_condensation,
          uniq_kirke
D:15:     gammafunk_enter_depths_forms, layout_rooms, nicolae_shop_gadgets
Temple:   nicolae_temple_bog_church
Lair:1:   gammafunk_lair_enchanted_lake, layout_regular_city, serial_bayou,
          serial_bayou_ford_a, serial_bayou_pond_b, serial_bayou_pond_e,
          serial_bayou_pond_d
Lair:2:   layout_chaotic_city, elwin_shoals_entry_rocks,
          hellmonk_spider_entry_not_the_bees
Lair:3:   layout_roguey
Lair:4:   layout_regular_city, slime_entry_1, serial_bayou_shore_b,
          grunt_megastairs_1
Lair:5:   wormcave, layout_cave_shapes, guppyfry_lair_end_dragon,
          portal_ice_cave_entry_pillars_2
Shoals:1: layout_shoals, uniq_nikola
Spider:1: layout_cave_pods, hangedman_spider_mandibles,
          nicolae_spider_not_touching_you
Spider:2: layout_cave_pods, nicolae_spider_nooks_and_crannies
Spider:3: layout_chambers
Spider:4: grunt_spider_rune_circles, nicolae_crawler_farm, uniq_mara
Orc:1:    layout_diamond_mine, uniq_sonja
Orc:2:    st_orc_ogre_mass, layout_caves, nicolae_orc_rockfall
Elf:1:    layout_gridlike, ebering_ghost_disaster_area, evilmike_minifort,
          minmay_shoptagon

Skill      XL: |  1  2  3  4  5  6  7  8  9 10 11 12 13 14 15 16 |
---------------+-------------------------------------------------+-----
Short Blades   | 1 5 6 7 8 10 12 13 14 | 14.0
Fighting       | 3 4 5 7 9 |  9.0
Stealth        | 4 5 8 10 12 | 12.4
Spellcasting   | 4 5 7 |  7.0
Hexes          | 6 7 9 11 12 13 14 | 14.0
Ice Magic      | 3 4 5 6 7 |  7.0
Invocations    | 2 5 7 9 10 | 10.3
Dodging        | 2 4 5 6 7 |  7.0
Evocations     | 4 5 7 |  7.0
Armour         | 4 5 7 |  7.0
Conjurations   | 4 |  4.7

Action                     |  1- 3 |  4- 6 |  7- 9 | 10-12 | 13-15 | 16-18 || total
---------------------------+-------+-------+-------+-------+-------+-------++-------
  Melee: Dagger            |    58 |    79 |       |       |       |       ||   137
         Touch             |     7 |    23 |    26 |   112 |   194 |    83 ||   445
         Rapier            |       |    19 |   160 |   512 |  1138 |   320 ||  2149
         Punch             |       |       |     2 |     7 |    11 |     6 ||    26
  Throw: Boomerang         |       |       |       |       |     6 |     6 ||    12
   Cast: Ensorcelled Hiber |     3 |    11 |    11 |    31 |    54 |     7 ||   117
         Confusing Touch   |       |       |     1 |     6 |    36 |     5 ||    48
         Tukima's Dance    |       |       |       |     6 |    10 |       ||    16
 Invoke: Shadow Step       |       |       |       |       |     1 |       ||     1
  Evoke: Wand              |       |       |     3 |     1 |     2 |     3 ||     9
    Use: Scroll            |     3 |     4 |     7 |    10 |     6 |     7 ||    37
         Potion            |     1 |       |       |     1 |     2 |     2 ||     6
   Stab: Sleeping          |     8 |    12 |    19 |    26 |    81 |    26 ||   172
         Confused          |       |       |     1 |     5 |    26 |     9 ||    41
         Distracted        |       |       |     2 |     1 |     4 |     2 ||     9
         Fleeing           |       |       |       |       |     1 |       ||     1
 Armour: Robe              |    19 |    48 |    62 |    25 |       |       ||   154
         Ring mail         |       |       |       |   192 |   577 |   213 ||   982
         Fire dragon scale |       |       |       |       |    11 |       ||    11
         Skin              |       |       |       |       |     1 |       ||     1
  Dodge: Dodged            |    24 |    41 |    64 |   260 |   539 |   170 ||  1098
  Block: Other             |       |       |    19 |    77 |   135 |   109 ||   340
         Buckler           |       |       |       |       |    99 |       ||    99
         Reflection        |       |       |       |       |     6 |     2 ||     8

Table legend: (Time is in decaauts)
 A = Elapsed time spent in this place.
 B = Non-inter-level travel time spent in this place.
 C = Inter-level travel time spent in this place.
 D = Time resting spent in this place.
 E = Time spent auto-exploring this place.
 F = Levels seen in this place.
 G = Mean time per level.
                   A        B        C        D        E       F      G
               +--------+--------+--------+--------+--------+-----+--------+
         Total |  34375 |  32612 |   1763 |  11275 |  14764 |  32 | 1074.2 |
       Dungeon |  15387 |  14486 |    901 |   4245 |   7388 |  15 | 1025.8 |
        Temple |     16 |      8 |      8 |      0 |      0 |   1 |   16.0 |
          Lair |   7812 |   7256 |    556 |   2258 |   3287 |   5 | 1562.4 |
        Shoals |    133 |    120 |     13 |     88 |      3 |   1 |  133.0 |
   Spider Nest |   4963 |   4870 |     93 |   1618 |   2542 |   4 | 1240.8 |
  Orcish Mines |   2328 |   2201 |    127 |   1039 |    718 |   2 | 1164.0 |
   Elven Halls |   2036 |   1973 |     63 |   1220 |    528 |   1 | 2036.0 |
         Sewer |    316 |    316 |      0 |    114 |      0 |   1 |  316.0 |
      Ice Cave |    427 |    427 |      0 |    320 |      0 |   1 |  427.0 |
      Gauntlet |    952 |    952 |      0 |    372 |    297 |   1 |  952.0 |
               +--------+--------+--------+--------+--------+-----+--------+

Top non-repeatable levels by time:
    D:14: 2360 daAuts
  Lair:1: 2138 daAuts
   Elf:1: 2036 daAuts
  Lair:5: 1943 daAuts
Spider:2: 1845 daAuts
Spider:3: 1572 daAuts
Spider:1: 1539 daAuts
  Lair:2: 1520 daAuts
    D:13: 1464 daAuts
   Orc:1: 1336 daAuts
    D:15: 1206 daAuts
  Lair:4: 1184 daAuts
     D:9: 1129 daAuts
    D:12: 1103 daAuts
     D:2: 1040 daAuts
